Workbook

Sheet Challenge8_Employee_Data_Luis_G
A1: EmployeeName | B1: BirthDate | C1: SSN | D1: HireDate
A2: Anderson, Maeve | B2: 32505 | C2: 203-55-3505 | D2: 44470
A3: Prommer, Yozune | B3: 18936 | C3: 165-38-1199 | D3: 43894
A4: Siamo, Dagoberto | B4: 26179 | C4: 769-84-2052 | D4: 42521
A5: Adara, Bigler | B5: 25714 | C5: 338-89-6883 | D5: 41437
A6: Ufberg, Riccardo | B6: 23926 | C6: 812-54-9827 | D6: 41859
A7: Pettis, Kim | B7: 22785 | C7: 901-52-5142 | D7: 40232
A8: Saidman, Urban | B8: 25791 | C8: 260-90-7047 | D8: 43419
A9: Hydock, Shanna | B9: 34438 | C9: 399-79-5482 | D9: 43242
A10: Ewertsen, João | B10: 34689 | C10: 824-57-5237 | D10: 41375
A11: Walkin, Steffanie | B11: 21701 | C11: 308-76-9640 | D11: 44503
A12: Sarabia, Brynn | B12: 23396 | C12: 832-30-9052 | D12: 42141
A13: Ballen, Sabah | B13: 22069 | C13: 453-66-4507 | D13: 41640
... A4097: Bussey, Miaulu | B4097: 36451 | C4097: 484-49-2646 | D4097: 43121

Sheet Sheet1
E2: Name | F2: Age | G2: Hire Date | H2: Years with the company | J2: Name | K2: Age | L2: Hire Date | M2: Years with the company
E3: =Challenge8_Employee_Data_Luis_G!A7 -> Pettis, Kim | F3: =YEAR(NOW())-YEAR(Challenge8_Employee_Data_Luis_G!B7) -> 61 | G3: {=_xlfn.XLOOKUP(E3,Challenge8_Employee_Data_Luis_G!A7:$A$4097,Challenge8_Employee_Data_Luis_G!D7:$D$4097)} -> 40232 | H3: =YEAR(NOW())-YEAR(G3) -> 13 | J3: Ufberg, Riccardo | K3: 58 | L3: 41859 | M3: 9
E4: =Challenge8_Employee_Data_Luis_G!A47 -> Diez, Pemberton | F4: =YEAR(NOW())-YEAR(Challenge8_Employee_Data_Luis_G!B47) -> 43 | G4: {=_xlfn.XLOOKUP(E4,Challenge8_Employee_Data_Luis_G!A47:$A$4097,Challenge8_Employee_Data_Luis_G!D47:$D$4097)} -> 40227 | H4: =YEAR(NOW())-YEAR(G4) -> 13 | J4: Ballen, Sabah | K4: 63 | L4: 41640 | M4: 9
E5: =Challenge8_Employee_Data_Luis_G!A54 -> Tba, Silvia | F5: =YEAR(NOW())-YEAR(Challenge8_Employee_Data_Luis_G!B54) -> 46 | G5: {=_xlfn.XLOOKUP(E5,Challenge8_Employee_Data_Luis_G!A54:$A$4097,Challenge8_Employee_Data_Luis_G!D54:$D$4097)} -> 40333 | H5: =YEAR(NOW())-YEAR(G5) -> 13 | J5: Servantes, Frankum | K5: 56 | L5: 41922 | M5: 9
E6: =Challenge8_Employee_Data_Luis_G!A66 -> Dunn, Mirna | F6: =YEAR(NOW())-YEAR(Challenge8_Employee_Data_Luis_G!B66) -> 61 | G6: {=_xlfn.XLOOKUP(E6,Challenge8_Employee_Data_Luis_G!A66:$A$4097,Challenge8_Employee_Data_Luis_G!D66:$D$4097)} -> 40206 | H6: =YEAR(NOW())-YEAR(G6) -> 13 | J6: Groshek, Rest | K6: 64 | L6: 41640 | M6: 9
E7: =Challenge8_Employee_Data_Luis_G!A69 -> Kehnscherper, Verena | F7: =YEAR(NOW())-YEAR(Challenge8_Employee_Data_Luis_G!B69) -> 56 | G7: {=_xlfn.XLOOKUP(E7,Challenge8_Employee_Data_Luis_G!A69:$A$4097,Challenge8_Employee_Data_Luis_G!D69:$D$4097)} -> 40442 | H7: =YEAR(NOW())-YEAR(G7) -> 13 | J7: Petro, Steven | K7: 48 | L7: 41708 | M7: 9
E8: =Challenge8_Employee_Data_Luis_G!A95 -> Suojansalo, Hocking | F8: =YEAR(NOW())-YEAR(Challenge8_Employee_Data_Luis_G!B95) -> 55 | G8: {=_xlfn.XLOOKUP(E8,Challenge8_Employee_Data_Luis_G!A95:$A$4097,Challenge8_Employee_Data_Luis_G!D95:$D$4097)} -> 40539 | H8: =YEAR(NOW())-YEAR(G8) -> 13 | J8: Carberry, Oswaldo | K8: 41 | L8: 41698 | M8: 9
E9: =Challenge8_Employee_Data_Luis_G!A102 -> Korth, Serena | F9: =YEAR(NOW())-YEAR(Challenge8_Employee_Data_Luis_G!B102) -> 62 | G9: {=_xlfn.XLOOKUP(E9,Challenge8_Employee_Data_Luis_G!A102:$A$4097,Challenge8_Employee_Data_Luis_G!D102:$D$4097)} -> 40442 | H9: =YEAR(NOW())-YEAR(G9) -> 13 | J9: Hively, Yanya | K9: 24 | L9: 41814 | M9: 9
E10: =Challenge8_Employee_Data_Luis_G!A122 -> Fouladgar, Maleki | F10: =YEAR(NOW())-YEAR(Challenge8_Employee_Data_Luis_G!B122) -> 25 | G10: {=_xlfn.XLOOKUP(E10,Challenge8_Employee_Data_Luis_G!A122:$A$4097,Challenge8_Employee_Data_Luis_G!D122:$D$4097)} -> 40415 | H10: =YEAR(NOW())-YEAR(G10) -> 13 | J10: Spain, Dalet | K10: 64 | L10: 41790 | M10: 9
E11: =Challenge8_Employee_Data_Luis_G!A128 -> Turcotte, Surrie | F11: =YEAR(NOW())-YEAR(Challenge8_Employee_Data_Luis_G!B128) -> 49 | G11: {=_xlfn.XLOOKUP(E11,Challenge8_Employee_Data_Luis_G!A128:$A$4097,Challenge8_Employee_Data_Luis_G!D128:$D$4097)} -> 40423 | H11: =YEAR(NOW())-YEAR(G11) -> 13 | J11: Cespedes, Jacquelyn | K11: 34 | L11: 41886 | M11: 9
E12: =Challenge8_Employee_Data_Luis_G!A161 -> Ray, Rumina | F12: =YEAR(NOW())-YEAR(Challenge8_Employee_Data_Luis_G!B161) -> 66 | G12: {=_xlfn.XLOOKUP(E12,Challenge8_Employee_Data_Luis_G!A161:$A$4097,Challenge8_Employee_Data_Luis_G!D161:$D$4097)} -> 40511 | H12: =YEAR(NOW())-YEAR(G12) -> 13 | J12: Curri, Jessy | K12: 47 | L12: 41957 | M12: 9
E13: =Challenge8_Employee_Data_Luis_G!A193 -> Weege, Josie | F13: =YEAR(NOW())-YEAR(Challenge8_Employee_Data_Luis_G!B193) -> 53 | G13: {=_xlfn.XLOOKUP(E13,Challenge8_Employee_Data_Luis_G!A193:$A$4097,Challenge8_Employee_Data_Luis_G!D193:$D$4097)} -> 40313 | H13: =YEAR(NOW())-YEAR(G13) -> 13 | J13: Casasola, Seb | K13: 42 | L13: 41848 | M13: 9
E14: =Challenge8_Employee_Data_Luis_G!A229 -> Belzberg, Stonnie | F14: =YEAR(NOW())-YEAR(Challenge8_Employee_Data_Luis_G!B229) -> 26 | G14: {=_xlfn.XLOOKUP(E14,Challenge8_Employee_Data_Luis_G!A229:$A$4097,Challenge8_Employee_Data_Luis_G!D229:$D$4097)} -> 40392 | H14: =YEAR(NOW())-YEAR(G14) -> 13 | J14: Horgan, Meagan | K14: 52 | L14: 41854 | M14: 9
E15: =Challenge8_Employee_Data_Luis_G!A234 -> Tremblay, Jacinta | F15: =YEAR(NOW())-YEAR(Challenge8_Employee_Data_Luis_G!B234) -> 38 | G15: {=_xlfn.XLOOKUP(E15,Challenge8_Employee_Data_Luis_G!A234:$A$4097,Challenge8_Employee_Data_Luis_G!D234:$D$4097)} -> 40493 | H15: =YEAR(NOW())-YEAR(G15) -> 13 | J15: Aistara, Vainius | K15: 40 | L15: 41788 | M15: 9
E16: =Challenge8_Employee_Data_Luis_G!A236 -> Zahedi, Kanika | F16: =YEAR(NOW())-YEAR(Challenge8_Employee_Data_Luis_G!B236) -> 50 | G16: {=_xlfn.XLOOKUP(E16,Challenge8_Employee_Data_Luis_G!A236:$A$4097,Challenge8_Employee_Data_Luis_G!D236:$D$4097)} -> 40400 | H16: =YEAR(NOW())-YEAR(G16) -> 13 | J16: Azpeitia, Ullises | K16: 44 | L16: 41959 | M16: 9
E17: =Challenge8_Employee_Data_Luis_G!A244 -> Sarette, Alya6B | F17: =YEAR(NOW())-YEAR(Challenge8_Employee_Data_Luis_G!B244) -> 35 | G17: {=_xlfn.XLOOKUP(E17,Challenge8_Employee_Data_Luis_G!A244:$A$4097,Challenge8_Employee_Data_Luis_G!D244:$D$4097)} -> 40399 | H17: =YEAR(NOW())-YEAR(G17) -> 13 | J17: Holland, Trisha | K17: 32 | L17: 41809 | M17: 9
E18: =Challenge8_Employee_Data_Luis_G!A249 -> Schifferdecker, Lauire | F18: =YEAR(NOW())-YEAR(Challenge8_Employee_Data_Luis_G!B249) -> 55 | G18: {=_xlfn.XLOOKUP(E18,Challenge8_Employee_Data_Luis_G!A249:$A$4097,Challenge8_Employee_Data_Luis_G!D249:$D$4097)} -> 40436 | H18: =YEAR(NOW())-YEAR(G18) -> 13 | J18: Savoie, Karina | K18: 60 | L18: 41682 | M18: 9
E19: =Challenge8_Employee_Data_Luis_G!A253 -> Tenenbown, Jaimee | F19: =YEAR(NOW())-YEAR(Challenge8_Employee_Data_Luis_G!B253) -> 69 | G19: {=_xlfn.XLOOKUP(E19,Challenge8_Employee_Data_Luis_G!A253:$A$4097,Challenge8_Employee_Data_Luis_G!D253:$D$4097)} -> 40400 | H19: =YEAR(NOW())-YEAR(G19) -> 13 | J19: Jacobson, Kayla | K19: 31 | L19: 41721 | M19: 9
E20: =Challenge8_Employee_Data_Luis_G!A260 -> Grenfell, Levesque | F20: =YEAR(NOW())-YEAR(Challenge8_Employee_Data_Luis_G!B260) -> 58 | G20: {=_xlfn.XLOOKUP(E20,Challenge8_Employee_Data_Luis_G!A260:$A$4097,Challenge8_Employee_Data_Luis_G!D260:$D$4097)} -> 40232 | H20: =YEAR(NOW())-YEAR(G20) -> 13 | J20: Stuckslager, Kiernan | K20: 25 | L20: 41807 | M20: 9
E21: =Challenge8_Employee_Data_Luis_G!A274 -> Jan, Sp1.Ltd | F21: =YEAR(NOW())-YEAR(Challenge8_Employee_Data_Luis_G!B274) -> 36 | G21: {=_xlfn.XLOOKUP(E21,Challenge8_Employee_Data_Luis_G!A274:$A$4097,Challenge8_Employee_Data_Luis_G!D274:$D$4097)} -> 40485 | H21: =YEAR(NOW())-YEAR(G21) -> 13 | J21: Marshall, Bettina | K21: 73 | L21: 41961 | M21: 9
E22: =Challenge8_Employee_Data_Luis_G!A284 -> Markie, Rocko | F22: =YEAR(NOW())-YEAR(Challenge8_Employee_Data_Luis_G!B284) -> 55 | G22: {=_xlfn.XLOOKUP(E22,Challenge8_Employee_Data_Luis_G!A284:$A$4097,Challenge8_Employee_Data_Luis_G!D284:$D$4097)} -> 40291 | H22: =YEAR(NOW())-YEAR(G22) -> 13 | J22: Cappon, Florine | K22: 56 | L22: 41644 | M22: 9
E23: =Challenge8_Employee_Data_Luis_G!A307 -> Seilheimer, Cheyenne | F23: =YEAR(NOW())-YEAR(Challenge8_Employee_Data_Luis_G!B307) -> 34 | G23: {=_xlfn.XLOOKUP(E23,Challenge8_Employee_Data_Luis_G!A307:$A$4097,Challenge8_Employee_Data_Luis_G!D307:$D$4097)} -> 40305 | H23: =YEAR(NOW())-YEAR(G23) -> 13 | J23: Hwang, Lillian | K23: 42 | L23: 41758 | M23: 9
E24: =Challenge8_Employee_Data_Luis_G!A316 -> Kunin, Benedetta | F24: =YEAR(NOW())-YEAR(Challenge8_Employee_Data_Luis_G!B316) -> 69 | G24: {=_xlfn.XLOOKUP(E24,Challenge8_Employee_Data_Luis_G!A316:$A$4097,Challenge8_Employee_Data_Luis_G!D316:$D$4097)} -> 40439 | H24: =YEAR(NOW())-YEAR(G24) -> 13 | J24: Bar, Stefny | K24: 62 | L24: 41769 | M24: 9
E25: =Challenge8_Employee_Data_Luis_G!A330 -> Sierra, Harry | F25: =YEAR(NOW())-YEAR(Challenge8_Employee_Data_Luis_G!B330) -> 64 | G25: {=_xlfn.XLOOKUP(E25,Challenge8_Employee_Data_Luis_G!A330:$A$4097,Challenge8_Employee_Data_Luis_G!D330:$D$4097)} -> 40188 | H25: =YEAR(NOW())-YEAR(G25) -> 13 | J25: Bookman, Shirelle | K25: 30 | L25: 41771 | M25: 9
E26: =Challenge8_Employee_Data_Luis_G!A339 -> Kazam, Ignacia | F26: =YEAR(NOW())-YEAR(Challenge8_Employee_Data_Luis_G!B339) -> 49 | G26: {=_xlfn.XLOOKUP(E26,Challenge8_Employee_Data_Luis_G!A339:$A$4097,Challenge8_Employee_Data_Luis_G!D339:$D$4097)} -> 40245 | H26: =YEAR(NOW())-YEAR(G26) -> 13 | J26: Radzko, Adria | K26: 33 | L26: 41640 | M26: 9
E27: =Challenge8_Employee_Data_Luis_G!A362 -> Corradino, Margarida | F27: =YEAR(NOW())-YEAR(Challenge8_Employee_Data_Luis_G!B362) -> 37 | G27: {=_xlfn.XLOOKUP(E27,Challenge8_Employee_Data_Luis_G!A362:$A$4097,Challenge8_Employee_Data_Luis_G!D362:$D$4097)} -> 40308 | H27: =YEAR(NOW())-YEAR(G27) -> 13 | J27: Castanos, Narcisa | K27: 56 | L27: 41862 | M27: 9
E28: =Challenge8_Employee_Data_Luis_G!A365 -> Barber, Adriane | F28: =YEAR(NOW())-YEAR(Challenge8_Employee_Data_Luis_G!B365) -> 34 | G28: {=_xlfn.XLOOKUP(E28,Challenge8_Employee_Data_Luis_G!A365:$A$4097,Challenge8_Employee_Data_Luis_G!D365:$D$4097)} -> 40198 | H28: =YEAR(NOW())-YEAR(G28) -> 13 | J28: Rocha, Ronald | K28: 36 | L28: 41953 | M28: 9
E29: =Challenge8_Employee_Data_Luis_G!A376 -> Carlyon, Desire | F29: =YEAR(NOW())-YEAR(Challenge8_Employee_Data_Luis_G!B376) -> 65 | G29: {=_xlfn.XLOOKUP(E29,Challenge8_Employee_Data_Luis_G!A376:$A$4097,Challenge8_Employee_Data_Luis_G!D376:$D$4097)} -> 40540 | H29: =YEAR(NOW())-YEAR(G29) -> 13 | J29: Steffens, Noelle | K29: 42 | L29: 41734 | M29: 9
E30: =Challenge8_Employee_Data_Luis_G!A392 -> Zoe, Bashi | F30: =YEAR(NOW())-YEAR(Challenge8_Employee_Data_Luis_G!B392) -> 26 | G30: {=_xlfn.XLOOKUP(E30,Challenge8_Employee_Data_Luis_G!A392:$A$4097,Challenge8_Employee_Data_Luis_G!D392:$D$4097)} -> 40237 | H30: =YEAR(NOW())-YEAR(G30) -> 13 | J30: Venezia, Osvelia | K30: 67 | L30: 41651 | M30: 9
E31: =Challenge8_Employee_Data_Luis_G!A415 -> Fitzgibbon, Somaiya | F31: =YEAR(NOW())-YEAR(Challenge8_Employee_Data_Luis_G!B415) -> 67 | G31: {=_xlfn.XLOOKUP(E31,Challenge8_Employee_Data_Luis_G!A415:$A$4097,Challenge8_Employee_Data_Luis_G!D415:$D$4097)} -> 40494 | H31: =YEAR(NOW())-YEAR(G31) -> 13 | J31: Giugno, Laurissa | K31: 67 | L31: 41650 | M31: 9
E32: =Challenge8_Employee_Data_Luis_G!A425 -> Finkel, Marnie | F32: =YEAR(NOW())-YEAR(Challenge8_Employee_Data_Luis_G!B425) -> 56 | G32: {=_xlfn.XLOOKUP(E32,Challenge8_Employee_Data_Luis_G!A425:$A$4097,Challenge8_Employee_Data_Luis_G!D425:$D$4097)} -> 40234 | H32: =YEAR(NOW())-YEAR(G32) -> 13 | J32: Clifford, Tedda | K32: 47 | L32: 41696 | M32: 9
E33: =Challenge8_Employee_Data_Luis_G!A432 -> Kinsey, Noorulain | F33: =YEAR(NOW())-YEAR(Challenge8_Employee_Data_Luis_G!B432) -> 34 | G33: {=_xlfn.XLOOKUP(E33,Challenge8_Employee_Data_Luis_G!A432:$A$4097,Challenge8_Employee_Data_Luis_G!D432:$D$4097)} -> 40198 | H33: =YEAR(NOW())-YEAR(G33) -> 13 | J33: Meyers, Crystal | K33: 65 | L33: 41775 | M33: 9
E34: =Challenge8_Employee_Data_Luis_G!A461 -> Alper, Agustin | F34: =YEAR(NOW())-YEAR(Challenge8_Employee_Data_Luis_G!B461) -> 24 | G34: {=_xlfn.XLOOKUP(E34,Challenge8_Employee_Data_Luis_G!A461:$A$4097,Challenge8_Employee_Data_Luis_G!D461:$D$4097)} -> 40519 | H34: =YEAR(NOW())-YEAR(G34) -> 13 | J34: D’Andrea, Malcolm | K34: 62 | L34: 41919 | M34: 9
E35: =Challenge8_Employee_Data_Luis_G!A470 -> Tritten, Reddin | F35: =YEAR(NOW())-YEAR(Challenge8_Employee_Data_Luis_G!B470) -> 52 | G35: {=_xlfn.XLOOKUP(E35,Challenge8_Employee_Data_Luis_G!A470:$A$4097,Challenge8_Employee_Data_Luis_G!D470:$D$4097)} -> 40493 | H35: =YEAR(NOW())-YEAR(G35) -> 13 | J35: Grapes, Libby | K35: 72 | L35: 41945 | M35: 9
E36: =Challenge8_Employee_Data_Luis_G!A474 -> Schönborn, Fisher | F36: =YEAR(NOW())-YEAR(Challenge8_Employee_Data_Luis_G!B474) -> 61 | G36: {=_xlfn.XLOOKUP(E36,Challenge8_Employee_Data_Luis_G!A474:$A$4097,Challenge8_Employee_Data_Luis_G!D474:$D$4097)} -> 40282 | H36: =YEAR(NOW())-YEAR(G36) -> 13 | J36: Hammer, Palma | K36: 38 | L36: 41780 | M36: 9
E37: =Challenge8_Employee_Data_Luis_G!A484 -> Sant, Carol | F37: =YEAR(NOW())-YEAR(Challenge8_Employee_Data_Luis_G!B484) -> 72 | G37: {=_xlfn.XLOOKUP(E37,Challenge8_Employee_Data_Luis_G!A484:$A$4097,Challenge8_Employee_Data_Luis_G!D484:$D$4097)} -> 40518 | H37: =YEAR(NOW())-YEAR(G37) -> 13 | J37: Agass, Felicity | K37: 32 | L37: 41826 | M37: 9
E38: =Challenge8_Employee_Data_Luis_G!A488 -> Osterhold, Ariana | F38: =YEAR(NOW())-YEAR(Challenge8_Employee_Data_Luis_G!B488) -> 60 | G38: {=_xlfn.XLOOKUP(E38,Challenge8_Employee_Data_Luis_G!A488:$A$4097,Challenge8_Employee_Data_Luis_G!D488:$D$4097)} -> 40497 | H38: =YEAR(NOW())-YEAR(G38) -> 13 | J38: Okoye, Betzy | K38: 41 | L38: 41869 | M38: 9
E39: =Challenge8_Employee_Data_Luis_G!A501 -> Katafias, Cristy | F39: =YEAR(NOW())-YEAR(Challenge8_Employee_Data_Luis_G!B501) -> 48 | G39: {=_xlfn.XLOOKUP(E39,Challenge8_Employee_Data_Luis_G!A501:$A$4097,Challenge8_Employee_Data_Luis_G!D501:$D$4097)} -> 40367 | H39: =YEAR(NOW())-YEAR(G39) -> 13 | J39: Tobias, Baillargeault | K39: 62 | L39: 41956 | M39: 9
E40: =Challenge8_Employee_Data_Luis_G!A534 -> Walking, Yanik | F40: =YEAR(NOW())-YEAR(Challenge8_Employee_Data_Luis_G!B534) -> 43 | G40: {=_xlfn.XLOOKUP(E40,Challenge8_Employee_Data_Luis_G!A534:$A$4097,Challenge8_Employee_Data_Luis_G!D534:$D$4097)} -> 40374 | H40: =YEAR(NOW())-YEAR(G40) -> 13 | J40: Chagnon, Ophira | K40: 57 | L40: 41798 | M40: 9
E41: =Challenge8_Employee_Data_Luis_G!A544 -> Howell, Laura/Bryan | F41: =YEAR(NOW())-YEAR(Challenge8_Employee_Data_Luis_G!B544) -> 37 | G41: {=_xlfn.XLOOKUP(E41,Challenge8_Employee_Data_Luis_G!A544:$A$4097,Challenge8_Employee_Data_Luis_G!D544:$D$4097)} -> 40238 | H41: =YEAR(NOW())-YEAR(G41) -> 13 | J41: Fyodor, Gregg | K41: 38 | L41: 41950 | M41: 9
E42: =Challenge8_Employee_Data_Luis_G!A552 -> Santillán, Jakob | F42: =YEAR(NOW())-YEAR(Challenge8_Employee_Data_Luis_G!B552) -> 26 | G42: {=_xlfn.XLOOKUP(E42,Challenge8_Employee_Data_Luis_G!A552:$A$4097,Challenge8_Employee_Data_Luis_G!D552:$D$4097)} -> 40198 | H42: =YEAR(NOW())-YEAR(G42) -> 13 | J42: Rossano, Maverick | K42: 39 | L42: 41691 | M42: 9
E43: =Challenge8_Employee_Data_Luis_G!A553 -> Lage, Bracelet | F43: =YEAR(NOW())-YEAR(Challenge8_Employee_Data_Luis_G!B553) -> 43 | G43: {=_xlfn.XLOOKUP(E43,Challenge8_Employee_Data_Luis_G!A553:$A$4097,Challenge8_Employee_Data_Luis_G!D553:$D$4097)} -> 40230 | H43: =YEAR(NOW())-YEAR(G43) -> 13 | J43: Marin, Cuauhtemoc | K43: 58 | L43: 41851 | M43: 9
E44: =Challenge8_Employee_Data_Luis_G!A554 -> Lopresti, Giulia | F44: =YEAR(NOW())-YEAR(Challenge8_Employee_Data_Luis_G!B554) -> 41 | G44: {=_xlfn.XLOOKUP(E44,Challenge8_Employee_Data_Luis_G!A554:$A$4097,Challenge8_Employee_Data_Luis_G!D554:$D$4097)} -> 40373 | H44: =YEAR(NOW())-YEAR(G44) -> 13 | J44: Prill, Jeanette | K44: 42 | L44: 41702 | M44: 9
E45: =Challenge8_Employee_Data_Luis_G!A555 -> Mahina, Eliana | F45: =YEAR(NOW())-YEAR(Challenge8_Employee_Data_Luis_G!B555) -> 71 | G45: {=_xlfn.XLOOKUP(E45,Challenge8_Employee_Data_Luis_G!A555:$A$4097,Challenge8_Employee_Data_Luis_G!D555:$D$4097)} -> 40388 | H45: =YEAR(NOW())-YEAR(G45) -> 13 | J45: Vidal, Layla | K45: 60 | L45: 41717 | M45: 9
E46: =Challenge8_Employee_Data_Luis_G!A570 -> Pendergast, Luca | F46: =YEAR(NOW())-YEAR(Challenge8_Employee_Data_Luis_G!B570) -> 37 | G46: {=_xlfn.XLOOKUP(E46,Challenge8_Employee_Data_Luis_G!A570:$A$4097,Challenge8_Employee_Data_Luis_G!D570:$D$4097)} -> 40281 | H46: =YEAR(NOW())-YEAR(G46) -> 13 | J46: Birnbaum, Raina | K46: 42 | L46: 41903 | M46: 9
E47: =Challenge8_Employee_Data_Luis_G!A594 -> Lustgarten, Bria | F47: =YEAR(NOW())-YEAR(Challenge8_Employee_Data_Luis_G!B594) -> 41 | G47: {=_xlfn.XLOOKUP(E47,Challenge8_Employee_Data_Luis_G!A594:$A$4097,Challenge8_Employee_Data_Luis_G!D594:$D$4097)} -> 40452 | H47: =YEAR(NOW())-YEAR(G47) -> 13 | J47: Nersessian, Milos | K47: 53 | L47: 41948 | M47: 9
E48: =Challenge8_Employee_Data_Luis_G!A608 -> Liney, Morgane | F48: =YEAR(NOW())-YEAR(Challenge8_Employee_Data_Luis_G!B608) -> 65 | G48: {=_xlfn.XLOOKUP(E48,Challenge8_Employee_Data_Luis_G!A608:$A$4097,Challenge8_Employee_Data_Luis_G!D608:$D$4097)} -> 40350 | H48: =YEAR(NOW())-YEAR(G48) -> 13 | J48: Kaicher, Clemens | K48: 48 | L48: 41771 | M48: 9
E49: =Challenge8_Employee_Data_Luis_G!A611 -> Maecha, Babi | F49: =YEAR(NOW())-YEAR(Challenge8_Employee_Data_Luis_G!B611) -> 47 | G49: {=_xlfn.XLOOKUP(E49,Challenge8_Employee_Data_Luis_G!A611:$A$4097,Challenge8_Employee_Data_Luis_G!D611:$D$4097)} -> 40312 | H49: =YEAR(NOW())-YEAR(G49) -> 13 | J49: Infante, Kora | K49: 52 | L49: 41927 | M49: 9
E50: =Challenge8_Employee_Data_Luis_G!A631 -> Leader, Maitri | F50: =YEAR(NOW())-YEAR(Challenge8_Employee_Data_Luis_G!B631) -> 29 | G50: {=_xlfn.XLOOKUP(E50,Challenge8_Employee_Data_Luis_G!A631:$A$4097,Challenge8_Employee_Data_Luis_G!D631:$D$4097)} -> 40446 | H50: =YEAR(NOW())-YEAR(G50) -> 13 | J50: Sylvestre, Natali | K50: 72 | L50: 41917 | M50: 9
E51: =Challenge8_Employee_Data_Luis_G!A634 -> Dhatri, Weingraber | F51: =YEAR(NOW())-YEAR(Challenge8_Employee_Data_Luis_G!B634) -> 32 | G51: {=_xlfn.XLOOKUP(E51,Challenge8_Employee_Data_Luis_G!A634:$A$4097,Challenge8_Employee_Data_Luis_G!D634:$D$4097)} -> 40540 | H51: =YEAR(NOW())-YEAR(G51) -> 13 | J51: Hill, Megpg | K51: 42 | L51: 41950 | M51: 9
E52: =Challenge8_Employee_Data_Luis_G!A690 -> Vartoukian, Eliza | F52: =YEAR(NOW())-YEAR(Challenge8_Employee_Data_Luis_G!B690) -> 43 | G52: {=_xlfn.XLOOKUP(E52,Challenge8_Employee_Data_Luis_G!A690:$A$4097,Challenge8_Employee_Data_Luis_G!D690:$D$4097)} -> 40416 | H52: =YEAR(NOW())-YEAR(G52) -> 13 | J52: Mazurek, Candyce | K52: 66 | L52: 41897 | M52: 9
E53: =Challenge8_Employee_Data_Luis_G!A749 -> Myer, Chasty | F53: =YEAR(NOW())-YEAR(Challenge8_Employee_Data_Luis_G!B749) -> 38 | G53: {=_xlfn.XLOOKUP(E53,Challenge8_Employee_Data_Luis_G!A749:$A$4097,Challenge8_Employee_Data_Luis_G!D749:$D$4097)} -> 40358 | H53: =YEAR(NOW())-YEAR(G53) -> 13 | J53: Sundstrom, Abelardo | K53: 71 | L53: 41802 | M53: 9
E54: =Challenge8_Employee_Data_Luis_G!A768 -> Zohrenejad, Chadwick | F54: =YEAR(NOW())-YEAR(Challenge8_Employee_Data_Luis_G!B768) -> 34 | G54: {=_xlfn.XLOOKUP(E54,Challenge8_Employee_Data_Luis_G!A768:$A$4097,Challenge8_Employee_Data_Luis_G!D768:$D$4097)} -> 40522 | H54: =YEAR(NOW())-YEAR(G54) -> 13 | J54: Villaseñor, Nora | K54: 41 | L54: 41706 | M54: 9
E55: =Challenge8_Employee_Data_Luis_G!A770 -> Patrick, Lachlan | F55: =YEAR(NOW())-YEAR(Challenge8_Employee_Data_Luis_G!B770) -> 28 | G55: {=_xlfn.XLOOKUP(E55,Challenge8_Employee_Data_Luis_G!A770:$A$4097,Challenge8_Employee_Data_Luis_G!D770:$D$4097)} -> 40270 | H55: =YEAR(NOW())-YEAR(G55) -> 13 | J55: Kaplan, Estrella | K55: 38 | L55: 41865 | M55: 9
E56: =Challenge8_Employee_Data_Luis_G!A776 -> Darcas, Terri | F56: =YEAR(NOW())-YEAR(Challenge8_Employee_Data_Luis_G!B776) -> 68 | G56: {=_xlfn.XLOOKUP(E56,Challenge8_Employee_Data_Luis_G!A776:$A$4097,Challenge8_Employee_Data_Luis_G!D776:$D$4097)} -> 40318 | H56: =YEAR(NOW())-YEAR(G56) -> 13 | J56: Donarini, Stevo | K56: 57 | L56: 41650 | M56: 9
E57: =Challenge8_Employee_Data_Luis_G!A789 -> Manning, Rylee | F57: =YEAR(NOW())-YEAR(Challenge8_Employee_Data_Luis_G!B789) -> 50 | G57: {=_xlfn.XLOOKUP(E57,Challenge8_Employee_Data_Luis_G!A789:$A$4097,Challenge8_Employee_Data_Luis_G!D789:$D$4097)} -> 40209 | H57: =YEAR(NOW())-YEAR(G57) -> 13 | J57: Alverà, Todavia | K57: 42 | L57: 41966 | M57: 9
E58: =Challenge8_Employee_Data_Luis_G!A811 -> Heus, Mr. | F58: =YEAR(NOW())-YEAR(Challenge8_Employee_Data_Luis_G!B811) -> 66 | G58: {=_xlfn.XLOOKUP(E58,Challenge8_Employee_Data_Luis_G!A811:$A$4097,Challenge8_Employee_Data_Luis_G!D811:$D$4097)} -> 40258 | H58: =YEAR(NOW())-YEAR(G58) -> 13 | J58: Fredriksen, Walton | K58: 55 | L58: 41819 | M58: 9
E59: =Challenge8_Employee_Data_Luis_G!A826 -> Ferrar, Journalist | F59: =YEAR(NOW())-YEAR(Challenge8_Employee_Data_Luis_G!B826) -> 30 | G59: {=_xlfn.XLOOKUP(E59,Challenge8_Employee_Data_Luis_G!A826:$A$4097,Challenge8_Employee_Data_Luis_G!D826:$D$4097)} -> 40380 | H59: =YEAR(NOW())-YEAR(G59) -> 13 | J59: Brillante, Jayran | K59: 67 | L59: 41726 | M59: 9
E60: =Challenge8_Employee_Data_Luis_G!A827 -> Bamford, Luis | F60: =YEAR(NOW())-YEAR(Challenge8_Employee_Data_Luis_G!B827) -> 59 | G60: {=_xlfn.XLOOKUP(E60,Challenge8_Employee_Data_Luis_G!A827:$A$4097,Challenge8_Employee_Data_Luis_G!D827:$D$4097)} -> 40338 | H60: =YEAR(NOW())-YEAR(G60) -> 13 | J60: Weber, Paulina | K60: 28 | L60: 41950 | M60: 9
E61: =Challenge8_Employee_Data_Luis_G!A836 -> Nguyen, Hayleigh | F61: =YEAR(NOW())-YEAR(Challenge8_Employee_Data_Luis_G!B836) -> 45 | G61: {=_xlfn.XLOOKUP(E61,Challenge8_Employee_Data_Luis_G!A836:$A$4097,Challenge8_Employee_Data_Luis_G!D836:$D$4097)} -> 40183 | H61: =YEAR(NOW())-YEAR(G61) -> 13 | J61: Murillo, Arely | K61: 54 | L61: 41722 | M61: 9
E62: =Challenge8_Employee_Data_Luis_G!A871 -> Legorburu, Seth | F62: =YEAR(NOW())-YEAR(Challenge8_Employee_Data_Luis_G!B871) -> 38 | G62: {=_xlfn.XLOOKUP(E62,Challenge8_Employee_Data_Luis_G!A871:$A$4097,Challenge8_Employee_Data_Luis_G!D871:$D$4097)} -> 40497 | H62: =YEAR(NOW())-YEAR(G62) -> 13 | J62: Link, Agathe | K62: 58 | L62: 41719 | M62: 9
E63: =Challenge8_Employee_Data_Luis_G!A875 -> Duncan, Rosi | F63: =YEAR(NOW())-YEAR(Challenge8_Employee_Data_Luis_G!B875) -> 42 | G63: {=_xlfn.XLOOKUP(E63,Challenge8_Employee_Data_Luis_G!A875:$A$4097,Challenge8_Employee_Data_Luis_G!D875:$D$4097)} -> 40213 | H63: =YEAR(NOW())-YEAR(G63) -> 13 | J63: Kandohla, Romina | K63: 32 | L63: 41989 | M63: 9
E64: =Challenge8_Employee_Data_Luis_G!A889 -> Herman, Yeraldine | F64: =YEAR(NOW())-YEAR(Challenge8_Employee_Data_Luis_G!B889) -> 61 | G64: {=_xlfn.XLOOKUP(E64,Challenge8_Employee_Data_Luis_G!A889:$A$4097,Challenge8_Employee_Data_Luis_G!D889:$D$4097)} -> 40369 | H64: =YEAR(NOW())-YEAR(G64) -> 13 | J64: Ascotia, Dora | K64: 72 | L64: 41962 | M64: 9
E65: =Challenge8_Employee_Data_Luis_G!A903 -> Ehmann, Abas | F65: =YEAR(NOW())-YEAR(Challenge8_Employee_Data_Luis_G!B903) -> 53 | G65: {=_xlfn.XLOOKUP(E65,Challenge8_Employee_Data_Luis_G!A903:$A$4097,Challenge8_Employee_Data_Luis_G!D903:$D$4097)} -> 40459 | H65: =YEAR(NOW())-YEAR(G65) -> 13 | J65: Wendel, Breann | K65: 72 | L65: 41828 | M65: 9
E66: =Challenge8_Employee_Data_Luis_G!A905 -> Benhamu, Cory | F66: =YEAR(NOW())-YEAR(Challenge8_Employee_Data_Luis_G!B905) -> 29 | G66: {=_xlfn.XLOOKUP(E66,Challenge8_Employee_Data_Luis_G!A905:$A$4097,Challenge8_Employee_Data_Luis_G!D905:$D$4097)} -> 40239 | H66: =YEAR(NOW())-YEAR(G66) -> 13 | J66: Villanueva, Cathy | K66: 39 | L66: 41878 | M66: 9
E67: =Challenge8_Employee_Data_Luis_G!A908 -> Sood, Philinda | F67: =YEAR(NOW())-YEAR(Challenge8_Employee_Data_Luis_G!B908) -> 34 | G67: {=_xlfn.XLOOKUP(E67,Challenge8_Employee_Data_Luis_G!A908:$A$4097,Challenge8_Employee_Data_Luis_G!D908:$D$4097)} -> 40239 | H67: =YEAR(NOW())-YEAR(G67) -> 13 | J67: Spadaro, Ira | K67: 27 | L67: 41953 | M67: 9
E68: =Challenge8_Employee_Data_Luis_G!A944 -> Medel, Shan | F68: =YEAR(NOW())-YEAR(Challenge8_Employee_Data_Luis_G!B944) -> 68 | G68: {=_xlfn.XLOOKUP(E68,Challenge8_Employee_Data_Luis_G!A944:$A$4097,Challenge8_Employee_Data_Luis_G!D944:$D$4097)} -> 40269 | H68: =YEAR(NOW())-YEAR(G68) -> 13 | J68: Coughlin, Shazia | K68: 32 | L68: 41744 | M68: 9
E69: =Challenge8_Employee_Data_Luis_G!A962 -> Kendall, Laetitia | F69: =YEAR(NOW())-YEAR(Challenge8_Employee_Data_Luis_G!B962) -> 30 | G69: {=_xlfn.XLOOKUP(E69,Challenge8_Employee_Data_Luis_G!A962:$A$4097,Challenge8_Employee_Data_Luis_G!D962:$D$4097)} -> 40524 | H69: =YEAR(NOW())-YEAR(G69) -> 13 | J69: Javier, Pete | K69: 42 | L69: 41649 | M69: 9
E70: =Challenge8_Employee_Data_Luis_G!A967 -> Charters, Mya | F70: =YEAR(NOW())-YEAR(Challenge8_Employee_Data_Luis_G!B967) -> 26 | G70: {=_xlfn.XLOOKUP(E70,Challenge8_Employee_Data_Luis_G!A967:$A$4097,Challenge8_Employee_Data_Luis_G!D967:$D$4097)} -> 40270 | H70: =YEAR(NOW())-YEAR(G70) -> 13 | J70: Diozuz, Irit | K70: 52 | L70: 41652 | M70: 9
E71: =Challenge8_Employee_Data_Luis_G!A980 -> Garcia, Clair | F71: =YEAR(NOW())-YEAR(Challenge8_Employee_Data_Luis_G!B980) -> 66 | G71: {=_xlfn.XLOOKUP(E71,Challenge8_Employee_Data_Luis_G!A980:$A$4097,Challenge8_Employee_Data_Luis_G!D980:$D$4097)} -> 40326 | H71: =YEAR(NOW())-YEAR(G71) -> 13 | J71: Herrington, Rahel | K71: 43 | L71: 41793 | M71: 9
E72: =Challenge8_Employee_Data_Luis_G!A986 -> Biondo, Alyssa | F72: =YEAR(NOW())-YEAR(Challenge8_Employee_Data_Luis_G!B986) -> 54 | G72: {=_xlfn.XLOOKUP(E72,Challenge8_Employee_Data_Luis_G!A986:$A$4097,Challenge8_Employee_Data_Luis_G!D986:$D$4097)} -> 40472 | H72: =YEAR(NOW())-YEAR(G72) -> 13 | J72: Casanova, Yaneli | K72: 67 | L72: 41883 | M72: 9
E73: =Challenge8_Employee_Data_Luis_G!A991 -> Gallardo, Kenneth | F73: =YEAR(NOW())-YEAR(Challenge8_Employee_Data_Luis_G!B991) -> 69 | G73: {=_xlfn.XLOOKUP(E73,Challenge8_Employee_Data_Luis_G!A991:$A$4097,Challenge8_Employee_Data_Luis_G!D991:$D$4097)} -> 40433 | H73: =YEAR(NOW())-YEAR(G73) -> 13 | J73: Manicure, Kesa | K73: 60 | L73: 41782 | M73: 9
E74: =Challenge8_Employee_Data_Luis_G!A993 -> Goodsell, Saman | F74: =YEAR(NOW())-YEAR(Challenge8_Employee_Data_Luis_G!B993) -> 53 | G74: {=_xlfn.XLOOKUP(E74,Challenge8_Employee_Data_Luis_G!A993:$A$4097,Challenge8_Employee_Data_Luis_G!D993:$D$4097)} -> 40238 | H74: =YEAR(NOW())-YEAR(G74) -> 13 | J74: Centeno, Larae | K74: 41 | L74: 41772 | M74: 9
E75: =Challenge8_Employee_Data_Luis_G!A1000 -> Boutique, Nqabakazi | F75: =YEAR(NOW())-YEAR(Challenge8_Employee_Data_Luis_G!B1000) -> 64 | G75: {=_xlfn.XLOOKUP(E75,Challenge8_Employee_Data_Luis_G!A1000:$A$4097,Challenge8_Employee_Data_Luis_G!D1000:$D$4097)} -> 40210 | H75: =YEAR(NOW())-YEAR(G75) -> 13 | J75: Caroline, Dara | K75: 57 | L75: 41640 | M75: 9
E76: =Challenge8_Employee_Data_Luis_G!A1013 -> Rivas, Sabra | F76: =YEAR(NOW())-YEAR(Challenge8_Employee_Data_Luis_G!B1013) -> 73 | G76: {=_xlfn.XLOOKUP(E76,Challenge8_Employee_Data_Luis_G!A1013:$A$4097,Challenge8_Employee_Data_Luis_G!D1013:$D$4097)} -> 40297 | H76: =YEAR(NOW())-YEAR(G76) -> 13 | J76: Sivalon, Lucrecia | K76: 41 | L76: 41944 | M76: 9
E77: =Challenge8_Employee_Data_Luis_G!A1016 -> Riera, Louisa | F77: =YEAR(NOW())-YEAR(Challenge8_Employee_Data_Luis_G!B1016) -> 33 | G77: {=_xlfn.XLOOKUP(E77,Challenge8_Employee_Data_Luis_G!A1016:$A$4097,Challenge8_Employee_Data_Luis_G!D1016:$D$4097)} -> 40363 | H77: =YEAR(NOW())-YEAR(G77) -> 13 | J77: Ola, Daniela | K77: 31 | L77: 41652 | M77: 9
E78: =Challenge8_Employee_Data_Luis_G!A1072 -> Gross, Gabi | F78: =YEAR(NOW())-YEAR(Challenge8_Employee_Data_Luis_G!B1072) -> 35 | G78: {=_xlfn.XLOOKUP(E78,Challenge8_Employee_Data_Luis_G!A1072:$A$4097,Challenge8_Employee_Data_Luis_G!D1072:$D$4097)} -> 40515 | H78: =YEAR(NOW())-YEAR(G78) -> 13 | J78: Karp, Phaedra | K78: 35 | L78: 41913 | M78: 9
E79: =Challenge8_Employee_Data_Luis_G!A1078 -> Smolej, Yanais | F79: =YEAR(NOW())-YEAR(Challenge8_Employee_Data_Luis_G!B1078) -> 36 | G79: {=_xlfn.XLOOKUP(E79,Challenge8_Employee_Data_Luis_G!A1078:$A$4097,Challenge8_Employee_Data_Luis_G!D1078:$D$4097)} -> 40489 | H79: =YEAR(NOW())-YEAR(G79) -> 13 | J79: Rivard, Sian | K79: 41 | L79: 41664 | M79: 9
E80: =Challenge8_Employee_Data_Luis_G!A1100 -> Hector, Ursula | F80: =YEAR(NOW())-YEAR(Challenge8_Employee_Data_Luis_G!B1100) -> 49 | G80: {=_xlfn.XLOOKUP(E80,Challenge8_Employee_Data_Luis_G!A1100:$A$4097,Challenge8_Employee_Data_Luis_G!D1100:$D$4097)} -> 40289 | H80: =YEAR(NOW())-YEAR(G80) -> 13 | J80: Pritcharno, Albina | K80: 30 | L80: 41903 | M80: 9
E81: =Challenge8_Employee_Data_Luis_G!A1156 -> Gordon, Melesa | F81: =YEAR(NOW())-YEAR(Challenge8_Employee_Data_Luis_G!B1156) -> 25 | G81: {=_xlfn.XLOOKUP(E81,Challenge8_Employee_Data_Luis_G!A1156:$A$4097,Challenge8_Employee_Data_Luis_G!D1156:$D$4097)} -> 40254 | H81: =YEAR(NOW())-YEAR(G81) -> 13 | J81: Hugonot, General | K81: 61 | L81: 41867 | M81: 9
E82: =Challenge8_Employee_Data_Luis_G!A1159 -> Passanisi, Oracio | F82: =YEAR(NOW())-YEAR(Challenge8_Employee_Data_Luis_G!B1159) -> 38 | G82: {=_xlfn.XLOOKUP(E82,Challenge8_Employee_Data_Luis_G!A1159:$A$4097,Challenge8_Employee_Data_Luis_G!D1159:$D$4097)} -> 40382 | H82: =YEAR(NOW())-YEAR(G82) -> 13 | J82: Lewis, Daskey | K82: 38 | L82: 41861 | M82: 9
E83: =Challenge8_Employee_Data_Luis_G!A1171 -> Ventas, Patty | F83: =YEAR(NOW())-YEAR(Challenge8_Employee_Data_Luis_G!B1171) -> 71 | G83: {=_xlfn.XLOOKUP(E83,Challenge8_Employee_Data_Luis_G!A1171:$A$4097,Challenge8_Employee_Data_Luis_G!D1171:$D$4097)} -> 40227 | H83: =YEAR(NOW())-YEAR(G83) -> 13 | J83: Hoder, Wylie | K83: 37 | L83: 41673 | M83: 9
E84: =Challenge8_Employee_Data_Luis_G!A1179 -> Maman, Deepa | F84: =YEAR(NOW())-YEAR(Challenge8_Employee_Data_Luis_G!B1179) -> 54 | G84: {=_xlfn.XLOOKUP(E84,Challenge8_Employee_Data_Luis_G!A1179:$A$4097,Challenge8_Employee_Data_Luis_G!D1179:$D$4097)} -> 40184 | H84: =YEAR(NOW())-YEAR(G84) -> 13 | J84: Olsen, Mooo | K84: 63 | L84: 41964 | M84: 9
E85: =Challenge8_Employee_Data_Luis_G!A1181 -> Ramon, Ancelmo | F85: =YEAR(NOW())-YEAR(Challenge8_Employee_Data_Luis_G!B1181) -> 49 | G85: {=_xlfn.XLOOKUP(E85,Challenge8_Employee_Data_Luis_G!A1181:$A$4097,Challenge8_Employee_Data_Luis_G!D1181:$D$4097)} -> 40380 | H85: =YEAR(NOW())-YEAR(G85) -> 13 | J85: Platon, Salvatore | K85: 36 | L85: 41973 | M85: 9
E86: =Challenge8_Employee_Data_Luis_G!A1192 -> Johnston, Vitorio | F86: =YEAR(NOW())-YEAR(Challenge8_Employee_Data_Luis_G!B1192) -> 71 | G86: {=_xlfn.XLOOKUP(E86,Challenge8_Employee_Data_Luis_G!A1192:$A$4097,Challenge8_Employee_Data_Luis_G!D1192:$D$4097)} -> 40441 | H86: =YEAR(NOW())-YEAR(G86) -> 13 | J86: Osborn, Stanley | K86: 64 | L86: 41656 | M86: 9
E87: =Challenge8_Employee_Data_Luis_G!A1201 -> Spector, Mcdonnell | F87: =YEAR(NOW())-YEAR(Challenge8_Employee_Data_Luis_G!B1201) -> 28 | G87: {=_xlfn.XLOOKUP(E87,Challenge8_Employee_Data_Luis_G!A1201:$A$4097,Challenge8_Employee_Data_Luis_G!D1201:$D$4097)} -> 40476 | H87: =YEAR(NOW())-YEAR(G87) -> 13 | J87: Mayor, Paige | K87: 65 | L87: 41712 | M87: 9
E88: =Challenge8_Employee_Data_Luis_G!A1209 -> Nick, Sibylla | F88: =YEAR(NOW())-YEAR(Challenge8_Employee_Data_Luis_G!B1209) -> 27 | G88: {=_xlfn.XLOOKUP(E88,Challenge8_Employee_Data_Luis_G!A1209:$A$4097,Challenge8_Employee_Data_Luis_G!D1209:$D$4097)} -> 40414 | H88: =YEAR(NOW())-YEAR(G88) -> 13 | J88: Laforce, Fransua | K88: 66 | L88: 41707 | M88: 9
E89: =Challenge8_Employee_Data_Luis_G!A1213 -> Clark, Aide | F89: =YEAR(NOW())-YEAR(Challenge8_Employee_Data_Luis_G!B1213) -> 68 | G89: {=_xlfn.XLOOKUP(E89,Challenge8_Employee_Data_Luis_G!A1213:$A$4097,Challenge8_Employee_Data_Luis_G!D1213:$D$4097)} -> 40316 | H89: =YEAR(NOW())-YEAR(G89) -> 13 | J89: With, Brittany | K89: 62 | L89: 41731 | M89: 9
E90: =Challenge8_Employee_Data_Luis_G!A1222 -> Johannes, Francis | F90: =YEAR(NOW())-YEAR(Challenge8_Employee_Data_Luis_G!B1222) -> 56 | G90: {=_xlfn.XLOOKUP(E90,Challenge8_Employee_Data_Luis_G!A1222:$A$4097,Challenge8_Employee_Data_Luis_G!D1222:$D$4097)} -> 40535 | H90: =YEAR(NOW())-YEAR(G90) -> 13 | J90: Vialpando, Ramon | K90: 24 | L90: 41988 | M90: 9
E91: =Challenge8_Employee_Data_Luis_G!A1242 -> Andrea, Eugenio | F91: =YEAR(NOW())-YEAR(Challenge8_Employee_Data_Luis_G!B1242) -> 58 | G91: {=_xlfn.XLOOKUP(E91,Challenge8_Employee_Data_Luis_G!A1242:$A$4097,Challenge8_Employee_Data_Luis_G!D1242:$D$4097)} -> 40487 | H91: =YEAR(NOW())-YEAR(G91) -> 13 | J91: Saegert, Samira | K91: 30 | L91: 41751 | M91: 9
E92: =Challenge8_Employee_Data_Luis_G!A1258 -> Borock, Scorza | F92: =YEAR(NOW())-YEAR(Challenge8_Employee_Data_Luis_G!B1258) -> 73 | G92: {=_xlfn.XLOOKUP(E92,Challenge8_Employee_Data_Luis_G!A1258:$A$4097,Challenge8_Employee_Data_Luis_G!D1258:$D$4097)} -> 40189 | H92: =YEAR(NOW())-YEAR(G92) -> 13 | J92: Thierfelder, Bonnal | K92: 41 | L92: 41802 | M92: 9
E93: =Challenge8_Employee_Data_Luis_G!A1291 -> Choresh, Jenoveva | F93: =YEAR(NOW())-YEAR(Challenge8_Employee_Data_Luis_G!B1291) -> 32 | G93: {=_xlfn.XLOOKUP(E93,Challenge8_Employee_Data_Luis_G!A1291:$A$4097,Challenge8_Employee_Data_Luis_G!D1291:$D$4097)} -> 40297 | H93: =YEAR(NOW())-YEAR(G93) -> 13 | J93: Goodman, Roger | K93: 63 | L93: 41970 | M93: 9
E94: =Challenge8_Employee_Data_Luis_G!A1299 -> Drabik, Ivonn | F94: =YEAR(NOW())-YEAR(Challenge8_Employee_Data_Luis_G!B1299) -> 45 | G94: {=_xlfn.XLOOKUP(E94,Challenge8_Employee_Data_Luis_G!A1299:$A$4097,Challenge8_Employee_Data_Luis_G!D1299:$D$4097)} -> 40243 | H94: =YEAR(NOW())-YEAR(G94) -> 13 | J94: Valentina, Gottsmann | K94: 49 | L94: 41670 | M94: 9
E95: =Challenge8_Employee_Data_Luis_G!A1318 -> Quiñones, Karma | F95: =YEAR(NOW())-YEAR(Challenge8_Employee_Data_Luis_G!B1318) -> 63 | G95: {=_xlfn.XLOOKUP(E95,Challenge8_Employee_Data_Luis_G!A1318:$A$4097,Challenge8_Employee_Data_Luis_G!D1318:$D$4097)} -> 40222 | H95: =YEAR(NOW())-YEAR(G95) -> 13 | J95: Rachel, Inger | K95: 54 | L95: 41858 | M95: 9
E96: =Challenge8_Employee_Data_Luis_G!A1326 -> Joanou, Musa | F96: =YEAR(NOW())-YEAR(Challenge8_Employee_Data_Luis_G!B1326) -> 56 | G96: {=_xlfn.XLOOKUP(E96,Challenge8_Employee_Data_Luis_G!A1326:$A$4097,Challenge8_Employee_Data_Luis_G!D1326:$D$4097)} -> 40403 | H96: =YEAR(NOW())-YEAR(G96) -> 13 | J96: Forsythe, Gordon | K96: 60 | L96: 41789 | M96: 9
E97: =Challenge8_Employee_Data_Luis_G!A1350 -> Faircloth, Gayle | F97: =YEAR(NOW())-YEAR(Challenge8_Employee_Data_Luis_G!B1350) -> 28 | G97: {=_xlfn.XLOOKUP(E97,Challenge8_Employee_Data_Luis_G!A1350:$A$4097,Challenge8_Employee_Data_Luis_G!D1350:$D$4097)} -> 40349 | H97: =YEAR(NOW())-YEAR(G97) -> 13 | J97: Marrocchino, Amit | K97: 33 | L97: 41875 | M97: 9
E98: =Challenge8_Employee_Data_Luis_G!A1357 -> Mackenzie, Charles | F98: =YEAR(NOW())-YEAR(Challenge8_Employee_Data_Luis_G!B1357) -> 42 | G98: {=_xlfn.XLOOKUP(E98,Challenge8_Employee_Data_Luis_G!A1357:$A$4097,Challenge8_Employee_Data_Luis_G!D1357:$D$4097)} -> 40435 | H98: =YEAR(NOW())-YEAR(G98) -> 13 | J98: Elma, Humbeto | K98: 66 | L98: 41714 | M98: 9
E99: =Challenge8_Employee_Data_Luis_G!A1360 -> Bahr, Matute | F99: =YEAR(NOW())-YEAR(Challenge8_Employee_Data_Luis_G!B1360) -> 70 | G99: {=_xlfn.XLOOKUP(E99,Challenge8_Employee_Data_Luis_G!A1360:$A$4097,Challenge8_Employee_Data_Luis_G!D1360:$D$4097)} -> 40246 | H99: =YEAR(NOW())-YEAR(G99) -> 13 | J99: Folger, David | K99: 59 | L99: 41819 | M99: 9
E100: =Challenge8_Employee_Data_Luis_G!A1380 -> Percasky, Kane | F100: =YEAR(NOW())-YEAR(Challenge8_Employee_Data_Luis_G!B1380) -> 32 | G100: {=_xlfn.XLOOKUP(E100,Challenge8_Employee_Data_Luis_G!A1380:$A$4097,Challenge8_Employee_Data_Luis_G!D1380:$D$4097)} -> 40208 | H100: =YEAR(NOW())-YEAR(G100) -> 13 | J100: Salgado, Marytsa | K100: 42 | L100: 41832 | M100: 9
E101: =Challenge8_Employee_Data_Luis_G!A1392 -> Luna, Mohamcel | F101: =YEAR(NOW())-YEAR(Challenge8_Employee_Data_Luis_G!B1392) -> 73 | G101: {=_xlfn.XLOOKUP(E101,Challenge8_Employee_Data_Luis_G!A1392:$A$4097,Challenge8_Employee_Data_Luis_G!D1392:$D$4097)} -> 40238 | H101: =YEAR(NOW())-YEAR(G101) -> 13 | J101: Eng, Amar | K101: 71 | L101: 41715 | M101: 9
...
